 Dungeon Crawl Stone Soup version 0.31.0-9-g3a7656b989 (webtiles) character file.

Game seed: 8031493538391879045

78 qw the Shooter (level 4, -1/22 HPs)
             Began as a Spriggan Hunter on Feb 2, 2024.
             Slain by a gnoll
             ... wielding a +0 club
              (2 damage)
             ... on level 2 of the Dungeon.
             The game lasted 00:00:04 (1018 turns).

qw the Shooter (Spriggan Hunter)                    Turns: 1018, Time: 00:00:04

Health: -1/22      AC:  2    Str:  7    XL:     4   Next: 15%
Magic:  5/5        EV: 19    Int: 10    God:
Gold:   94         SH:  0    Dex: 20    Spells: 3/3 levels left

rFire   . . .        a - +0 shortbow
rCold   . . .        (shield currently unavailable)
rNeg    . . .        c - +0 robe
rPois   .            (helmet restricted)
rElec   .            (no cloak)
rCorr   .            (gloves unavailable)
SInv    +            (boots unavailable)
Will    .....        (no amulet)
Stlth   ++           (no ring)
HPRegen 0.23/turn    (no ring)
MPRegen 0.09/turn

%: no passive effects
@: very quick
A: very small, no large weapons, unfitting armour, see invisible, speed 3
a: no special abilities


You were on level 2 of the Dungeon.
You visited 1 branch of the dungeon, and saw 2 of its levels.

You collected 94 gold pieces.


Innate Abilities, Weirdness & Mutations

You are very small and have problems with some larger weapons.
You are too small for most types of armour.
You have supernaturally acute eyesight. (SInv)
You cover ground extremely quickly. (Speed+++)


   Skills:
 - Level 1.5 Fighting
 - Level 5.0 Ranged Weapons
 + Level 4.3 Dodging
 - Level 1.5 Stealth


You had 3 spell levels left.
You didn't know any spells.
Your spell library was empty.

Inventory:

Hand Weapons
 a - a +0 shortbow (weapon)
Armour
 c - a +0 robe (worn)
 e - a +0 cloak
Scrolls
 b - a scroll of identify
Potions
 d - a potion of curing
 f - a potion of might

Dungeon Overview and Level Annotations

Branches:
Dungeon (2/15)

Altars:


Message History

You shoot an arrow.
The arrow hits the adder but does no damage.
A ball python comes into view.
You shoot an arrow. The ball python hisses angrily.
The arrow hits the adder!
The adder is almost dead.
You shoot an arrow.
The arrow hits the adder but does no damage.
The adder is almost dead.
The adder barely misses you.
Enter note:
1012 ||| RETREEEEATING.
Enter note:
1013 ||| RETREEEEATING.
The gnoll barely misses you. The gnoll misses you.
Enter note:
1014 ||| RETREEEEATING.
You shoot an arrow. The arrow hits the gnoll.
The gnoll is moderately wounded.
The adder barely misses you. The gnoll completely misses you.
The gnoll misses you.
1015 ||| RETREEEEATING.
You shoot an arrow. The arrow hits the gnoll!
You kill the gnoll!
The adder misses you. The gnoll barely misses you.
The adder closely misses you. The ball python misses you.
The ball python completely misses you.
Your Ranged Weapons skill increases to level 5!
You have reached level 4!
You shoot an arrow. The arrow closely misses the adder.
The adder bites you. The gnoll barely misses you.
The gnoll hits you with a +0 flail! The ball python misses you.
The ball python barely misses you.
You shoot an arrow. The arrow hits the adder!
You kill the adder!
The ball python bites you. The ball python grabs you.
The ball python constricts you. The gnoll barely misses you.
The gnoll hits you with a +0 flail!
You shoot an arrow. The arrow hits the ball python.
You kill the ball python!
The gnoll hits you with a +0 club.
You die...

#############
............#
###.......#.# #####
#.......#.# ###....##
#.......#.# #.......#
####....###.## #.......#
.............# #.......#
###########..####%......##
# #....g@g).%.....
##...##%...#####
###.#####.# #..# ... ##.#
.... .# ..... g# .... .g
.... g.


You could see 2 gnolls.

Vanquished Creatures
  2 gnolls
  An adder (D:2)
  A dart slug (D:1)
  A ribbon worm (D:2)
  2 ball pythons (D:2)
  5 endoplasms (D:1)
  3 giant cockroaches (D:1)
  2 hobgoblins (D:1)
  12 jackals
  3 kobolds
  4 bats
  A frilled lizard (D:1)
  2 goblins
  3 rats (D:1)
42 creatures vanquished.

Notes
Turn   | Place    | Note
-------+----------+-------------------------------------------
     0 | D:1      | qw the Spriggan Hunter began the quest for the Orb.
     0 | D:1      | Reached XP level 1. HP: 10/10 MP: 2/2
     0 | D:1      | 0 ||| qw: Version: 0.3-a-155-g5e7d8dd
     0 | D:1      | 0 ||| qw: Game counter: 1936
     0 | D:1      | 0 ||| qw: Melee chars always use a shield: true
     0 | D:1      | 0 ||| qw: God list: Okawaru
     0 | D:1      | 0 ||| qw: Allow faded altars: false
     0 | D:1      | 0 ||| qw: Do Orc after clearing Dungeon:15 true
     0 | D:1      | 0 ||| qw: Do second Lair branch before Depths: true
     0 | D:1      | 0 ||| qw: Lair rune preference: random
     0 | D:1      | 0 ||| qw: Goals: Normal
     0 | D:1      | 0 ||| PLANNING D:1-11
    20 | D:1      | Reached skill level 3 in Dodging
    64 | D:1      | Reached XP level 2. HP: 5/14 MP: 3/3
   349 | D:1      | Reached XP level 3. HP: 18/18 MP: 4/4
   767 | D:1      | 767 ||| READING scroll labelled SUEGETSAPSAT.
   768 | D:1      | 768 ||| READING scroll labelled DIOSAQ WIRUTEL.
   768 | D:1      | 768 ||| IDENTIFYING brown potion
   769 | D:1      | 769 ||| READING scroll labelled ULIOME YLASMUI.
   770 | D:1      | 770 ||| READING scroll labelled YFYUMA DEYNA.
   771 | D:1      | 771 ||| DRINKING 2 coppery potions.
   796 | D:1      | 796 ||| DROPPING scroll of butterflies.
   797 | D:1      | 797 ||| DROPPING potion of lignification.
   866 | D:2      | 866 ||| READING scroll of identify.
   866 | D:2      | 866 ||| IDENTIFYING purple potion
  1001 | D:2      | 1001 ||| RETREEEEATING.
  1002 | D:2      | 1002 ||| RETREEEEATING.
  1003 | D:2      | 1003 ||| RETREEEEATING.
  1012 | D:2      | 1012 ||| RETREEEEATING.
  1013 | D:2      | 1013 ||| RETREEEEATING.
  1014 | D:2      | 1014 ||| RETREEEEATING.
  1015 | D:2      | 1015 ||| RETREEEEATING.
  1016 | D:2      | Reached skill level 5 in Ranged Weapons
  1016 | D:2      | Reached XP level 4. HP: 22/22 MP: 5/5
  1017 | D:2      | HP: 1/22 [gnoll/+0 flail (7)]
  1018 | D:2      | Slain by a gnoll

Levels and vault maps discovered:
D:1:      spicycebolla_arrival_ecumenical, layout_loops_cross,
          kennysheep_flooded_box
D:2:      kennysheep_big_flooded_room, layout_basic,
          ebering_dispersal_statue_hall

Skill      XL: |  1  2  3 |
---------------+----------+-----
Dodging        | 4 |  4.3
Ranged Weapons | 5 |  5.0
Fighting       | |  1.5
Stealth        | |  1.5

Action                     |  1- 3 |  4- 6 || total
---------------------------+-------+-------++-------
   Fire: Shortbow          |   109 |     3 ||   112
    Use: Scroll            |     5 |       ||     5
         Potion            |     1 |       ||     1
 Armour: Robe              |    10 |     5 ||    15
  Dodge: Dodged            |    67 |     4 ||    71

Table legend:
 A = Non-vault XP
 B = Vault XP
 C = Vault XP percentage of total XP
 D = Non-vault monster count
 E = Vault monster count
 F = Vault count percentage of total count
                 A         B        C        D         E       F
            +---------+---------+-------+---------+---------+-------
      Total |     114 |       0 |   0.0 |      42 |       0 |   0.0
            +---------+---------+-------+---------+---------+-------
        D:1 |      67 |       0 |   0.0 |      30 |       0 |   0.0
        D:2 |      47 |       0 |   0.0 |      12 |       0 |   0.0
            +---------+---------+-------+---------+---------+-------
